 Dungeon Crawl Stone Soup version 0.28-a0-667-g162e43154e (webtiles) character file.

Game seed: 11019650375355595559

60 Lekart the Skirmisher (level 3, -7/32 (33) HPs)
             Began as a Draconian Fighter on Oct 17, 2021.
             Was a Follower of Fedhas.
             Mangled by Sigmund (9 damage)
             ... on level 2 of the Dungeon.
             The game lasted 00:03:05 (1515 turns).

Lekart the Skirmisher (Draconian Fighter)           Turns: 1515, Time: 00:03:06

HP:   -7/32 (33)    AC:  5    Str: 19    XL:     3   Next: 80%
MP:   3/3           EV: 12    Int:  8    God:    Fedhas [*.....]
Gold: 37            SH:  0    Dex: 10    Spells: 2/2 levels left

rFire   . . .      SeeInvis .   a - +1 long sword (flame)
rCold   . . .      Faith    .   b - +1 buckler
rNeg    . . .      Spirit   .   (armour unavailable)
rPois   .          Reflect  .   (helmet restricted)
rElec   .          Harm     .   f - scarf {+Inv}
rCorr   .          Rampage  .   (no gloves)
Will    .....                   (no boots)
Stlth   +.........              (no amulet)
HPRegen 0.10/turn               (no ring)
MPRegen 0.08/turn               (no ring)

@: confused, mighty, lightly drained
A: AC +5, unfitting armour, cold-blooded
a: Renounce Religion, Evoke Invisibility


You were on level 2 of the Dungeon.
You worshipped Fedhas.
Fedhas was aware of your devotion.
You visited 1 branch of the dungeon, and saw 3 of its levels.

You collected 37 gold pieces.

Inventory:

Hand Weapons
 a - a +1 long sword of flaming (weapon)
Armour
 b - a +1 buckler (worn)
 f - a scarf of invisibility (worn)
Scrolls
 d - a scroll of enchant armour
Potions
 c - a potion of might


   Skills:
 + Level 4.1 Fighting
 + Level 2.8 Long Blades
 + Level 3.1 Dodging
 + Level 3.2 Shields
 * Level 0.1 Invocations


You had 2 spell levels left.
You didn't know any spells.
Your spell library was empty.

Dungeon Overview and Level Annotations

Branches:
Dungeon (3/15)

Altars:
Fedhas

Annotations:
D:2 Sigmund


Innate Abilities, Weirdness & Mutations

Your plain brown scales are hard. (AC +5)
You cannot fit into any form of body armour.
You are cold-blooded and may be slowed by cold attacks.


Message History

You feel less wooden.
Your scarf of invisibility unmelds from your body.
You become transparent for a moment.
Sigmund hits you from afar with a +0 scythe.
You block Sigmund's attack.
You slash Sigmund! You burn Sigmund.
Sigmund is heavily wounded.
Sigmund casts a spell.
Sigmund flickers and vanishes!
Deactivating autopickup; reactivate with Ctrl-A.
Something barely misses you.
You aren't carrying any items that you can evoke.
You feel very mighty all of a sudden.
You miss something. You block something's attack.
You miss something. Something hits you but does no damage.
You closely miss something. Something barely misses you.
You closely miss something.
Your tail-slap misses something.
Something hits you!
You miss something. You hit something. You burn something.
Your tail-slap misses something.
Something hits you!
* * * LOW HITPOINT WARNING * * *
You miss something. Something hits you.
* * * LOW HITPOINT WARNING * * *
You completely miss something. You tail-slap something!
You hear some strange, mumbled words.
A puff of flame appears from out of thin air!
The puff of flame misses you.
You closely miss something.
You hear some strange, mumbled words.
You are confused.
Something hits you.
* * * LOW HITPOINT WARNING * * *
You closely miss something.
Your tail-slap misses something.
You miss something. Something hits you but does no damage.
You bump into the rock wall.
Something hits you.
* * * LOW HITPOINT WARNING * * *
You bump into the rock wall.
Something hits you!
You die...
Fedhas appreciates your contribution to the ecosystem.

#.#.#.#.#
#(#.#.#.###.#
#.#.........#
#.#####.#####
#...........#
#.#####.###.#
#.#...#.# .#
#.###.#.###.#.###.
#.....#...@{......
#######.##########
#.# #...# #.#
#...# ##### #.#
#...# #...# #.#
#...###...# ...
#.<.......# ##
####.#.##...# ###
#......##...#


There were no monsters in sight!

Vanquished Creatures
  2 adders (D:2)
  4 ball pythons (D:1)
  A bat (D:1)
  4 endoplasms (D:1)
  A giant cockroach (D:1)
  3 goblins
  9 hobgoblins
  4 jackals (D:1)
  A frilled lizard (D:1)
  4 kobolds (D:1)
  4 rats
37 creatures vanquished.

Notes
Turn   | Place    | Note
-------+----------+-------------------------------------------
     0 | D:1      | Lekart the Draconian Fighter began the quest for the Orb.
     0 | D:1      | Reached XP level 1. HP: 19/19 MP: 1/1
   218 | D:1      | Reached XP level 2. HP: 25/26 MP: 2/2
   699 | D:1      | Reached XP level 3. HP: 31/32 MP: 3/3
   753 | D:1      | Found a faded altar of an unknown god.
   809 | D:1      | Prayed at the altar of an unknown god.
   809 | D:1      | Became a worshipper of Fedhas Madash
   809 | D:1      | Reached * piety under Fedhas
  1154 | D:2      | Reached skill level 4 in Fighting
  1455 | D:2      | Noticed Sigmund
  1515 | D:2      | Mangled by Sigmund

Illustrated notes

Levels and vault maps discovered:
D:1:      lemuel_arrival_behind_the_door_large, layout_loops_ring,
          basic_ecumenical_altar
D:2:      mumra_celtic_spiral_tile, layout_rooms, minmay_goblin_outpost,
          uniq_sigmund
D:3:      layout_basic, nicolae_ashenzari_panopticon, hex_medium, uniq_terence

Skill      XL: |  1  2  3 |
---------------+----------+-----
Dodging        | 3 |  3.1
Fighting       | 4 |  4.1
Long Blades    | |  2.8
Shields        | |  3.2
Invocations    | |  0.1

Action                   || total
-------------------------++-------
Melee: Long sword        ||   115
       Tailslap          ||     6
  Use: Scroll            ||     6
       Potion            ||     3
 Stab: Sleeping          ||     1
Armor: Skin              ||    31
Dodge: Dodged            ||    71
Block: Buckler           ||    28

Table legend: (Time is in decaauts)
 A = Elapsed time spent in this place.
 B = Non-inter-level travel time spent in this place.
 C = Inter-level travel time spent in this place.
 D = Time resting spent in this place.
 E = Time spent auto-exploring this place.
 F = Levels seen in this place.
 G = Mean time per level.
                   A        B        C        D        E       F      G
               +--------+--------+--------+--------+--------+-----+--------+
         Total |   1555 |   1508 |     47 |     14 |   1165 |   3 |  518.3 |
       Dungeon |   1555 |   1508 |     47 |     14 |   1165 |   3 |  518.3 |
               +--------+--------+--------+--------+--------+-----+--------+

Top non-repeatable levels by time:
     D:1: 1150 daAuts
     D:2: 359 daAuts
     D:3: 45 daAuts
